 Dungeon Crawl Stone Soup version 0.32-a0-918-g0f22ef8d61 (webtiles) character file.

Game seed: 11138783686690875869

1843 Dordric the Grappler (level 8, 0/59 HPs)
             Began as a White Draconian Shapeshifter on Apr 11, 2024.
             Was an Initiate of Ru.
             Slain by a two-headed ogre
             ... wielding a +0 giant club
              (20 damage)
             ... on level 6 of the Dungeon on Apr 16, 2024.
             The game lasted 00:07:48 (6801 turns).

Dordric the Grappler (White Draconian Shapeshifter) Turns: 6801, Time: 00:07:49

Health: 0/59       AC:  6    Str: 18    XL:     8   Next: 88%
Magic:  8/8        EV: 15    Int: 12    God:    Ru [......]
Gold:   215        SH:  0    Dex: 10    Spells: 7/7 levels left

rFire   . .          .
                       - Unarmed
rCold   + . .        (shield currently unavailable)
rNeg    + . .        (body armour unavailable)
rPois   .            (helmet restricted)
rElec   .            (no cloak)
rCorr   .            (no gloves)
SInv    +            (no boots)
Will    .....        (no amulet)
Stlth   +            k - ring of see invisible
HPRegen 0.29/turn    p - ring of positive energy
MPRegen 0.11/turn

%: no passive effects
@: flux-form, glowing
A: glow, contaminating, glacial breath, AC +6, unfitting armour, cold resistance
1, cold-blooded
a: Glacial Breath, Begin Untransformation, Renounce Religion


You were on level 6 of the Dungeon.
You worshipped Ru.
Ru was noncommittal.
You were something dangerously unstable.
You visited 2 branches of the dungeon, and saw 8 of its levels.

You collected 215 gold pieces.

Inventory:

Missiles
 u - 4 throwing nets (quivered)
Jewellery
 a - a ring of protection from fire
 d - a ring of protection from cold
 k - a ring of see invisible (left hand)
 p - a ring of positive energy (right hand)
 t - a ring of willpower
 A - the ring of Xoteol {rF+ Str+6 Int+3 Dex-3}
   (You found it on level 6 of the Dungeon)

   [ring of strength]

   Str+6:     It affects your strength (+6).
   Int+3:     It affects your intelligence (+3).
   Dex-3:     It affects your dexterity (-3).
   rF+:       It protects you from fire.
Talismans
 b - a beast talisman
 c - a flux talisman (active)
Wands
 x - a wand of roots (19)
Scrolls
 f - a scroll of silence
 g - 3 scrolls of fear
 i - a scroll of immolation {unknown}
 j - a scroll of fog {unknown}
 l - a scroll of enchant weapon {unknown}
 m - a scroll of noise {unknown}
 q - 3 scrolls of teleportation
 r - 2 scrolls of enchant armour
 w - a scroll of amnesia {unknown}
 y - a scroll of revelation {unknown}
Potions
 e - a potion of curing
 n - 2 potions of mutation {unknown}
 o - a potion of degeneration {unknown}
 s - a potion of invisibility {unknown}
 v - a potion of enlightenment {unknown}
 z - a potion of cancellation {unknown}
 B - a potion of might {unknown}


   Skills:
 - Level 1.1 Fighting
 - Level 1.7 Dodging
 + Level 8.7 Unarmed Combat
 + Level 8.1 Shapeshifting


You had 7 spell levels left.
You didn't know any spells.
Your spell library contained the following spells:

 Spells                   Type           Power      Damage    Failure   Level
 Apportation              Tloc           0%         N/A       32%         1
 Foxfire                  Conj/Fire      0%         2x1d4     32%         1
 Call Imp                 Summ           0%         N/A       45%         2
 Jinxbite                 Hex            0%         N/A       45%         2
 Sublimation of Blood     Necr           0%         N/A       45%         2
 Alistair's Intoxication  Alch           0%         N/A       100%        5
 Plasma Beam              Fire/Air       0%         2x1d10    100%        6
 Starburst                Conj/Fire      0%         6d3       100%        6
 Summon Hydra             Summ           0%         N/A       100%        7


Dungeon Overview and Level Annotations

Branches:
Dungeon (7/15)             Temple (1/1) D:5

Altars:
Ashenzari
Cheibriados
Dithmenos
Elyvilon
Gozag
Hepliaklqana
Kikubaaqudgha
Makhleb
Nemelex Xobeh
Okawaru
Qazlal
Ru
Sif Muna
Trog
Uskayaw
Vehumet
Xom
Yredelemnul
Zin
The Shining One

Shops:
D:4 =   D:6 *


Innate Abilities, Weirdness & Mutations

You are something dangerously unstable.
You glow with magical radiation, making you easy to see and hit.
Foes you strike become dangerously contaminated with magical radiation.
You are incapable of wielding weapons or throwing items.
You can breathe waves of cold which freeze foes solid.
Your icy white scales are hard. (AC +6)
You cannot fit into any form of body armour.
Your flesh is cold resistant. (rC+)
You are cold-blooded and may be slowed by cold attacks.


Message History

The howler monkey is heavily wounded.
The howler monkey barely misses you.
You hit the howler monkey.
The howler monkey shudders as magic cascades through it.
You kill the howler monkey!
No target in view!
No target in view!
No target in view!
You start resting.
HP restored.
You climb downwards.
The centaur shoots an arrow.
The arrow hits you.
The howler monkey hoots and howls with incredible vigour!
The howler monkey closely misses you.
There is a stone staircase leading up, spattered with blood here.
The howler monkey closely misses you.
The two-headed ogre hits you with a +0 giant club!!
The two-headed ogre closely misses you.
You climb upwards.
There is a stone staircase leading down here.
Aiming: Glacial Breath
Press: ? - help, Shift-Dir - straight line You exhale a wave of glacial cold.
The glacial breath hits the two-headed ogre!!
The two-headed ogre is moderately wounded.
The howler monkey hits you but does no damage.
Unknown command.
You hit the two-headed ogre.
The two-headed ogre begins to glow.
The two-headed ogre is heavily wounded.
The two-headed ogre barely misses you.
The two-headed ogre hits you with a +0 giant club!
The howler monkey barely misses you.
You hit the two-headed ogre.
The two-headed ogre glows dangerously bright.
Your tail-slap misses the two-headed ogre.
The two-headed ogre is heavily wounded.
The howler monkey hoots and howls with incredible vigour!
The two-headed ogre misses you.
The two-headed ogre hits you with a +0 giant club!!
You die...
Ru respects your ultimate sacrifice.

.# #.......# #.# .# #....#.## #.#
.####....#.# #.# .#.........# #.#
...........# ###.# #######
##.........# #...# ##.....##
#####....### ##.### ##...._..#
######...########O..####.........
##.._#...##....hp.....##._.~~P...
.##..#.#.#.#.####...####...P⌠~...
..'#.#.#>.###.# ##.## #...P~P...
...###.###.#.## #.# #.........
ß...#### ##.## #.# ##...._..#
....#.## #.# #.# ##.....##
.ß..'._# ##.## #.# ###'###
....#.####...# #.# ####...#
ß...###....#.# #.#####.....##


You could see a two-headed ogre (heavy contam) and a howler monkey (catching
breath).

Vanquished Creatures
  Eustachio (D:4)
  Menkaure (D:5)
  An ice beast (D:5)
  An ogre (D:6)
  A centaur (D:5)
  A phantom (D:4)
  2 scorpions
  4 wights (D:4)
  5 killer bees (D:4)
  2 howler monkeys
  A bombardier beetle (D:5)
  A jelly (D:6)
  2 hounds
  A gnoll bouda (D:4)
  2 orc priests (D:7)
  A sleepcap (D:6)
  3 iguanas
  Ijyb (D:5)
  Natasha (thrice) (D:2)
  5 gnolls
  3 adders
  A white imp (D:4)
  4 ufetubi
  2 ribbon worms
  A dart slug (D:3)
  10 orcs
  12 ball pythons
  13 endoplasms
  3 giant cockroaches
  9 goblins
  7 hobgoblins
  2 jackals (D:1)
  9 kobolds
  4 quokkas
  5 bats
  6 rats
130 creatures vanquished.

Notes
Turn   | Place    | Note
-------+----------+-------------------------------------------
     0 | D:1      | Dordric the Draconian Shapeshifter began the quest for the
                  | Orb.
     0 | D:1      | Reached XP level 1. HP: 16/16 MP: 1/1
    87 | D:1      | Reached XP level 2. HP: 20/23 MP: 2/2
   508 | D:2      | Reached XP level 3. HP: 24/28 MP: 3/3
   550 | D:2      | Noticed Natasha
   562 | D:2      | Killed Natasha
   834 | D:2      | Noticed Natasha
   840 | D:2      | Killed Natasha
   841 | D:2      | Reached XP level 4. HP: 26/35 MP: 4/4
  1260 | D:2      | Noticed Natasha
  1270 | D:2      | Killed Natasha
  1512 | D:3      | Noticed a scorpion
  1629 | D:3      | Killed a scorpion
  1630 | D:3      | Reached XP level 5. HP: 23/40 MP: 5/5
  1712 | D:3      | Found an iron altar of Okawaru.
  2134 | D:3      | Reached skill level 5 in Unarmed Combat
  2423 | D:4      | Reached skill level 5 in Shapeshifting
  2423 | D:4      | Reached XP level 6. HP: 10/47 MP: 6/6
  2661 | D:4      | Your scales start taking on an icy white colour.
  2661 | D:4      | Reached XP level 7. HP: 30/52 MP: 7/7
  2661 | D:4      | Gained mutation: Your flesh is cold resistant. (rC+) [White
                  | Draconian growth]
  3203 | D:4      | Found a radiant altar of Vehumet.
  3261 | D:4      | Found Xacalu's Jewellery Shop.
  3452 | D:5      | Entered Level 5 of the Dungeon
  3452 | D:5      | Noticed Ijyb
  4461 | D:5      | Noticed Eustachio
  4571 | D:4      | Killed Eustachio
  4572 | D:4      | Reached XP level 8. HP: 25/59 MP: 8/8
  4692 | D:5      | Killed Ijyb
  4801 | D:5      | Found a staircase to the Ecumenical Temple.
  5040 | Temple   | Entered the Ecumenical Temple
  5107 | Temple   | Became a worshipper of Ru the Awakened
  5233 | D:5      | Noticed Menkaure
  5241 | D:5      | Killed Menkaure
  5873 | D:6      | Found Mameasir's General Store.
  6042 | D:6      | Found a glowing silver altar of Zin.
  6049 | D:6      | Found a burning altar of Makhleb.
  6054 | D:6      | Found a sparkling altar of Nemelex Xobeh.
  6061 | D:6      | Found a shadowy altar of Dithmenos.
  6067 | D:6      | Found an opulent altar of Gozag.
  6080 | D:6      | Found a white marble altar of Elyvilon.
  6088 | D:6      | Found a shimmering altar of Xom.
  6203 | D:6      | Found a faded altar of an unknown god.
  6216 | D:6      | Found a faded altar of an unknown god.
  6218 | D:6      | Found a hazy altar of Hepliaklqana.
  6336 | D:6      | Identified the ring of Xoteol {rF+ Str+6 Int+3 Dex-3}
  6564 | D:7      | Noticed a two-headed ogre
  6801 | D:6      | Slain by a two-headed ogre

Illustrated notes

Levels and vault maps discovered:
D:1:      lightli_arrival_flooded_house, layout_rooms, minmay_heptomino_l4
D:2:      layout_basic, serial_forest, infiniplex_forest_clump_medium,
          infiniplex_forest_corner_1, infiniplex_forest_corner_1,
          infiniplex_forest_lined_2, infiniplex_forest_end_1,
          infiniplex_forest_straight_2, infiniplex_forest_end_2, uniq_natasha
D:3:      minmay_octagon_keep, layout_rooms, okawaru_trees_1
D:4:      layout_loops_cross, mainiacjoe_overflow_alcove_2, serial_shops, shop
D:5:      dreamdust_elfheim, layout_rooms, minmay_temple_entry_junction,
          serial_rivers, chequers_serial_rivers_room_a,
          chequers_serial_rivers_small_3, chequers_serial_rivers_large_b,
          chequers_serial_rivers_micro_e, chequers_serial_rivers_micro_d,
          chequers_serial_rivers_large_a, kennysheep_generic_room_14,
          uniq_menkaure, uniq_ijyb, uniq_eustachio
D:6:      layout_loops_ring, grunt_temple_overflow_octagram,
          nicolae_hepliaklqana_ecumenical_no_more, serial_shops, shop
D:7:      minmay_chambers_of_sevens, layout_rooms, serial_shops, shop_fountains,
          shop, shop, nicolae_water_bricks, minmay_misc_feat_iff,
          grunt_decor_mini_mirrors, uniq_duvessa
Temple:   hellmonk_temple_rainy

Skill      XL: |  1  2  3  4  5  6  7  8 |
---------------+-------------------------+-----
Unarmed Combat | 4 5 6 7 8 |  8.7
Shapeshifting  | 4 5 6 8 |  8.1
Fighting       | |  1.1
Dodging        | |  1.7

Action                     |  1- 3 |  4- 6 |  7- 9 || total
---------------------------+-------+-------+-------++-------
  Melee: Unarmed           |    68 |   231 |   189 ||   488
         Tailslap          |    11 |    33 |    33 ||    77
         Punch             |     1 |     3 |       ||     4
Ability: Glacial Breath    |       |       |     4 ||     4
    Use: Potion            |       |     6 |       ||     6
         Scroll            |       |       |     6 ||     6
   Stab: Sleeping          |       |     1 |       ||     1
 Armour: Skin              |    37 |   154 |   125 ||   316
  Dodge: Dodged            |    26 |   104 |   154 ||   284
   Form: Flux              |       |     1 |       ||     1

Table legend: (Time is in decaauts)
 A = Elapsed time spent in this place.
 B = Non-inter-level travel time spent in this place.
 C = Inter-level travel time spent in this place.
 D = Time resting spent in this place.
 E = Time spent auto-exploring this place.
 F = Levels seen in this place.
 G = Mean time per level.
                   A        B        C        D        E       F      G
               +--------+--------+--------+--------+--------+-----+--------+
         Total |   6808 |   6534 |    274 |   1733 |   3738 |   8 |  851.0 |
       Dungeon |   6730 |   6457 |    273 |   1733 |   3738 |   7 |  961.4 |
        Temple |     78 |     78 |      0 |      0 |      0 |   1 |   78.0 |
               +--------+--------+--------+--------+--------+-----+--------+

Top non-repeatable levels by time:
     D:4: 2299 daAuts
     D:2: 1216 daAuts
     D:6: 956 daAuts
     D:5: 906 daAuts
     D:3: 657 daAuts
     D:1: 490 daAuts
     D:7: 203 daAuts
  Temple: 78 daAuts
